[ AOE2 MATCH · #495966230 ]
UnrankedBohemians vs Gurjaras
Player's team · WIN
Rival team · LOSS
[ REPLAY ANALYSIS · EXTRACTED FROM THE RECORDED GAME ]
Feudal
11:06
Castle
14:36
Imperial
—
| APM avg | 40.2 |
| APM peak | 62 |
| eAPM avg | 18.7 |
| Villagers / military | 62 / 25 |
Focus
⚔️ 31.9% · 🌾 68.1%
Hand Cannoneer ×21 · Monk ×2 · Mangonel ×2
Feudal
10:20
Castle
13:54
Imperial
—
| APM avg | 49.2 |
| APM peak | 94 |
| eAPM avg | 18.6 |
| Villagers / military | 52 / 13 |
Focus
⚔️ 23.7% · 🌾 76.3%
Scorpion ×5 · Monk ×3 · Mangonel ×3 · Armored Elephant ×2
Match map
Initial resources + every placement click. Lines = walls · curves = elevation contours. ◆ gold · ⬟ stone · ● berries · ✦ relic · ◌ wall gap
Your base· ✓ Closed at 14:36 · 0t walls · 3 gate(s)
Ode's base· ✓ Closed at 13:54 · 2t walls · 3 gate(s)
Smoothed initial terrain · ◌ = detected wall gap · hover for details
Inputs per minute
— 艾啼牛牛叔叔 - - Ode
Build order — 艾啼牛牛叔叔
149 actions detected in the replay
| 0:00 | Queue | Villager (Male) |
| 0:01 | Queue | Villager (Male) |
| 0:01 | Queue | Villager (Male) |
| 0:01 | Queue | Villager (Male) |
| 0:02 | Build | House |
| 0:04 | Build | House |
| 1:25 | Queue | Villager (Male) |
| 1:51 | Build | Lumber Camp |
| 1:56 | Queue | Villager (Male) |
| 1:57 | Queue | Villager (Male) |
| 2:32 | Queue | Villager (Male) |
| 2:33 | Queue | Villager (Male) |
| 3:06 | Queue | Villager (Male) |
| 3:24 | Queue | Villager (Male) |
| 3:35 | Build | House |
| 3:38 | Build | House |
| 3:49 | Queue | Villager (Male) |
| 4:11 | Build | Mill |
| 4:14 | Queue | Villager (Male) |
| 4:14 | Queue | Villager (Male) |
| 4:30 | Queue | Villager (Male) |
| 4:30 | Queue | Villager (Male) |
| 4:48 | Build | House |
| 5:04 | Queue | Villager (Male) |
| 5:05 | Queue | Villager (Male) |
| 5:18 | Queue | Villager (Male) |
| 5:24 | Build | Farm |
| 5:33 | Queue | Villager (Male) |
| 5:33 | Queue | Villager (Male) |
| 5:59 | Build | Farm |
| 6:21 | Queue | Villager (Male) |
| 6:21 | Queue | Villager (Male) |
| 6:39 | Queue | Villager (Male) |
| 7:02 | Build | Lumber Camp |
| 7:11 | Queue | Villager (Male) |
| 7:11 | Queue | Villager (Male) |
| 7:30 | Queue | Villager (Male) |
| 7:31 | Queue | Villager (Male) |
| 7:41 | Queue | Villager (Male) |
| 7:45 | Build | Farm |
| 7:50 | Queue | Villager (Male) |
| 8:40 | Build | Mining Camp |
| 8:52 | Research | Feudal Age |
| 9:07 | Queue | Villager (Male) |
| 9:07 | Queue | Villager (Male) |
| 11:06 | Age | Feudal Age |
| 11:07 | Build | Market |
| 11:09 | Build | Blacksmith |
| 11:46 | Research | Double-Bit Axe |
| 11:54 | Research | Castle Age |
| 12:28 | Research | Horse Collar |
| 12:36 | Build | Farm |
| 12:52 | Queue | Villager (Male) |
| 12:56 | Build | Farm |
| 13:08 | Build | Farm |
| 13:20 | Build | Farm |
| 13:50 | Build | House |
| 14:13 | Queue | Villager (Male) |
| 14:27 | Build | House |
| 14:36 | Age | Castle Age |
| 14:41 | Build | University |
| 14:42 | Research | Bow Saw |
| 15:23 | Research | Loom |
| 15:26 | Build | Siege Workshop |
| 15:39 | Build | Stone Wall |
| 15:40 | Build | Stone Wall |
| 15:41 | Build | Stone Wall |
| 15:43 | Queue | Villager (Male) |
| 16:02 | Queue | Mangonel |
| 16:30 | Build | Palisade Wall |
| 16:41 | Build | House |
| 16:44 | Queue | Villager (Male) |
| 16:57 | Queue | Mangonel |
| 17:15 | Build | Barracks |
| 17:29 | Queue | Villager (Male) |
| 17:31 | Queue | Villager (Male) |
| 17:37 | Research | Chemistry |
| 17:49 | Build | Stone Wall |
| 17:50 | Build | Stone Wall |
| 18:18 | Build | Archery Range |
| 18:22 | Queue | Villager (Male) |
| 18:30 | Build | Archery Range |
| 18:39 | Build | House |
| 18:39 | Queue | Villager (Male) |
| 18:48 | Build | Farm |
| 18:49 | Build | Farm |
| 18:54 | Build | Farm |
| 18:57 | Queue | Villager (Male) |
| 19:17 | Build | House |
| 19:22 | Queue | Hand Cannoneer |
| 19:23 | Queue | Hand Cannoneer |
| 19:27 | Build | House |
| 19:52 | Queue | Hand Cannoneer |
| 19:52 | Queue | Hand Cannoneer |
| 20:13 | Queue | Hand Cannoneer |
| 20:13 | Queue | Hand Cannoneer |
| 20:20 | Queue | Villager (Male) |
| 20:25 | Research | Padded Archer Armor |
| 20:29 | Build | Farm |
| 20:29 | Build | Farm |
| 20:29 | Build | Farm |
| 20:30 | Build | Farm |
| 20:37 | Build | House |
| 20:43 | Queue | Villager (Male) |
| 20:47 | Build | House |
| 20:50 | Build | Farm |
| 20:55 | Queue | Hand Cannoneer |
| 20:55 | Queue | Hand Cannoneer |
| 21:37 | Queue | Villager (Male) |
| 21:38 | Queue | Villager (Male) |
| 21:41 | Build | Monastery |
| 21:43 | Build | House |
| 21:50 | Queue | Hand Cannoneer |
| 21:51 | Queue | Hand Cannoneer |
| 21:52 | Queue | Villager (Male) |
| 21:56 | Queue | Villager (Male) |
| 22:22 | Queue | Hand Cannoneer |
| 22:22 | Queue | Hand Cannoneer |
| 22:27 | Queue | Monk |
| 22:32 | Queue | Monk |
| 22:52 | Queue | Hand Cannoneer |
| 22:52 | Queue | Hand Cannoneer |
| 22:53 | Queue | Villager (Male) |
| 22:54 | Queue | Villager (Male) |
| 23:20 | Queue | Villager (Male) |
| 23:26 | Queue | Villager (Male) |
| 23:28 | Queue | Villager (Male) |
| 23:28 | Queue | Villager (Male) |
| 23:41 | Queue | Hand Cannoneer |
| 23:53 | Build | Town Center |
| 23:58 | Queue | Villager (Male) |
| 24:10 | Queue | Hand Cannoneer |
| 24:11 | Queue | Hand Cannoneer |
| 24:17 | Build | House |
| 24:19 | Build | House |
| 24:27 | Research | Fervor |
| 24:35 | Queue | Villager (Male) |
| 24:44 | Queue | Villager (Male) |
| 24:49 | Queue | Villager (Male) |
| 24:49 | Queue | Villager (Male) |
| 24:52 | Queue | Villager (Male) |
| 24:53 | Build | Lumber Camp |
| 25:12 | Queue | Hand Cannoneer |
| 25:12 | Queue | Hand Cannoneer |
| 25:13 | Queue | Villager (Male) |
| 25:16 | Queue | Villager (Male) |
| 25:16 | Queue | Villager (Male) |
| 25:20 | Queue | Hand Cannoneer |
| 25:20 | Queue | Hand Cannoneer |
Build order — Ode
125 actions detected in the replay
| 0:00 | Queue | Villager (Male) |
| 0:01 | Queue | Villager (Male) |
| 0:01 | Queue | Villager (Male) |
| 0:01 | Queue | Villager (Male) |
| 0:02 | Build | House |
| 0:04 | Build | House |
| 0:43 | Build | Mill |
| 1:30 | Queue | Villager (Male) |
| 2:04 | Queue | Villager (Male) |
| 2:23 | Queue | Villager (Male) |
| 3:10 | Queue | Villager (Male) |
| 3:40 | Queue | Villager (Male) |
| 3:40 | Queue | Villager (Male) |
| 3:46 | Build | House |
| 4:18 | Queue | Villager (Male) |
| 4:31 | Queue | Villager (Male) |
| 4:45 | Queue | Villager (Male) |
| 4:48 | Queue | Villager (Male) |
| 5:09 | Build | Lumber Camp |
| 5:15 | Build | Lumber Camp |
| 5:23 | Queue | Villager (Male) |
| 5:43 | Queue | Villager (Male) |
| 6:01 | Queue | Villager (Male) |
| 6:06 | Queue | Villager (Male) |
| 6:07 | Queue | Villager (Male) |
| 6:34 | Queue | Villager (Male) |
| 6:43 | Build | Farm |
| 6:55 | Build | House |
| 7:03 | Research | Loom |
| 7:26 | Queue | Villager (Male) |
| 7:43 | Research | Feudal Age |
| 7:48 | Build | Mining Camp |
| 7:54 | Build | Mining Camp |
| 8:19 | Queue | Villager (Male) |
| 8:19 | Queue | Villager (Male) |
| 10:20 | Age | Feudal Age |
| 10:22 | Build | Market |
| 10:25 | Build | Blacksmith |
| 11:06 | Build | House |
| 11:14 | Research | Castle Age |
| 11:26 | Research | Loom |
| 11:41 | Build | House |
| 12:07 | Queue | Villager (Male) |
| 12:12 | Research | Double-Bit Axe |
| 12:23 | Build | Farm |
| 12:26 | Research | Horse Collar |
| 13:01 | Build | Farm |
| 13:02 | Build | Farm |
| 13:14 | Build | Palisade Wall |
| 13:17 | Build | Palisade Wall |
| 13:54 | Age | Castle Age |
| 13:56 | Build | Siege Workshop |
| 14:12 | Queue | Villager (Male) |
| 14:13 | Research | Bow Saw |
| 14:30 | Queue | Armored Elephant |
| 14:37 | Build | Monastery |
| 14:50 | Queue | Villager (Male) |
| 15:01 | Build | Farm |
| 15:11 | Queue | Monk |
| 15:20 | Queue | Villager (Male) |
| 15:23 | Queue | Scorpion |
| 15:26 | Build | Farm |
| 15:43 | Queue | Villager (Male) |
| 15:48 | Build | Farm |
| 15:51 | Build | Farm |
| 16:00 | Queue | Armored Elephant |
| 16:12 | Build | Farm |
| 16:28 | Queue | Scorpion |
| 16:30 | Queue | Villager (Male) |
| 16:30 | Queue | Villager (Male) |
| 16:35 | Queue | Villager (Male) |
| 16:40 | Build | Farm |
| 16:43 | Build | Farm |
| 16:43 | Build | Farm |
| 17:04 | Queue | Villager (Male) |
| 17:14 | Queue | Scorpion |
| 17:16 | Build | House |
| 17:16 | Build | House |
| 17:17 | Queue | Villager (Male) |
| 17:48 | Queue | Mangonel |
| 17:51 | Queue | Villager (Male) |
| 17:54 | Build | Farm |
| 17:56 | Queue | Monk |
| 18:01 | Queue | Villager (Male) |
| 18:13 | Queue | Villager (Male) |
| 18:24 | Build | House |
| 18:57 | Queue | Villager (Male) |
| 19:04 | Queue | Mangonel |
| 19:16 | Build | Outpost |
| 19:21 | Build | Farm |
| 19:58 | Research | Redemption |
| 20:07 | Queue | Villager (Male) |
| 20:07 | Queue | Villager (Male) |
| 20:08 | Queue | Villager (Male) |
| 20:19 | Queue | Villager (Male) |
| 20:27 | Research | Sanctity |
| 20:28 | Queue | Villager (Male) |
| 20:29 | Build | House |
| 20:29 | Build | House |
| 20:48 | Queue | Scorpion |
| 20:49 | Queue | Villager (Male) |
| 20:52 | Build | Farm |
| 21:16 | Queue | Villager (Male) |
| 21:19 | Queue | Villager (Male) |
| 21:29 | Queue | Scorpion |
| 21:31 | Build | House |
| 21:31 | Queue | Villager (Male) |
| 21:32 | Queue | Villager (Male) |
| 21:37 | Queue | Monk |
| 21:48 | Queue | Villager (Male) |
| 21:51 | Queue | Villager (Male) |
| 22:04 | Build | Mining Camp |
| 22:18 | Queue | Villager (Male) |
| 22:26 | Build | Farm |
| 22:27 | Build | Farm |
| 22:47 | Build | Lumber Camp |
| 22:55 | Build | Lumber Camp |
| 23:43 | Build | University |
| 24:00 | Queue | Villager (Male) |
| 24:31 | Research | Fortified Wall (upgrade) |
| 24:36 | Build | Siege Workshop |
| 24:37 | Queue | Villager (Male) |
| 24:44 | Build | Gate |
| 25:11 | Build | Watch Tower |
| 25:14 | Queue | Mangonel |
Match timeline
| 10:20 | Ode · age_up feudal |
| 11:06 | 艾啼牛牛叔叔 · age_up feudal |
| 13:14 | Ode · wall_segment Palisade Wall x1 |
| 13:17 | Ode · wall_segment Palisade Wall x1 |
| 13:54 | Ode · age_up castle |
| 13:56 | Ode · first_building Siege Workshop |
| 14:36 | 艾啼牛牛叔叔 · age_up castle |
| 14:37 | Ode · first_building Monastery |
| 15:12 | 艾啼牛牛叔叔 · first_market_buy 100 wood |
| 15:26 | 艾啼牛牛叔叔 · first_building Siege Workshop |
| 15:31 | Ode · first_market_sell 100 stone |
| 15:33 | Ode · first_market_buy 100 wood |
| 15:39 | 艾啼牛牛叔叔 · wall_segment Stone Wall x2 |
| 15:40 | 艾啼牛牛叔叔 · wall_segment Stone Wall x1 |
| 15:41 | 艾啼牛牛叔叔 · wall_segment Stone Wall x1 |
| 16:11 | 艾啼牛牛叔叔 · first_market_sell 100 food |
| 16:30 | 艾啼牛牛叔叔 · wall_segment Palisade Wall x5 |
| 17:15 | 艾啼牛牛叔叔 · first_building Barracks |
| 17:49 | 艾啼牛牛叔叔 · wall_segment Stone Wall x1 |
| 17:50 | 艾啼牛牛叔叔 · wall_segment Stone Wall x1 |
| 18:18 | 艾啼牛牛叔叔 · first_building Archery Range |
| 21:41 | 艾啼牛牛叔叔 · first_building Monastery |
| 25:38 | Ode · resign |
[ AI ANALYSIS · 1 CREDIT ]
What really happened in this match?
Wolo.gg analyzes every decision: build order, eco, micro, common mistakes by bracket. Personalized analysis on WhatsApp or Discord in 30 seconds.
Civ guide
Bohemians
Perfil
Jugador #17158856